AoeStats
← Tchitchi d'Afflelou

Nomad

510846045Analyzed
4v4 RM · 17h ago on Oct 2, 2026· 40m 46s· 8 players
Game mode
Random Map
Map size
231×231
Population
200
Speed
Normal
Resources
Standard
Victory
Conquest
Starting age
Dark Age
Ending age
Imperial Age
RankedLock teamsTeams togetherTeam positionsShared explorationLock speedFull tech treeHidden civsTurbo modeCheats
Victory
Defeat
🇭🇰 Tupi · Hong Kong SAR China
1548
+13
🇮🇳 Franks · India
1485
+16
🇦🇷 Varangians · Argentina
1425
+18
🇪🇸 Italians · Spain
1402
+20
🇪🇸 Italians · Spain
1518
-18
🇺🇸 Varangians · United States
1489
-17
🇩🇪 Inca · Germany
1477
-17
🇫🇷 Vietnamese · France
1447
-15
TingeltangelBob
4:46 Loom
13:08 Feudal Age
17:18 Castle Age
16:40 Double-Bit Axe
17:48 Fletching
hcenemod
Tchitchi d'Afflelou
12:48 Loom
15:00 Feudal Age
16:53 Man-at-Arms
17:25 Arson
20:11 Town Watch
21:02 Wheelbarrow
22:52 Scale Mail Armor
23:02 Forging
24:47 Fishing Lines
31:17 Castle Age
Deadbeat Dan
13:43 Feudal Age
15:16 Loom
17:41 Castle Age
15:31 Fishing Lines
16:30 Gold Mining
17:12 Forging
18:00 Double-Bit Axe
19:01 Medium Warships
18:51 Fletching
22:29 Bow Saw
25:01 Ballistics
25:56 Scale Mail Armor
27:00 Gillnets
28:06 Squires
29:13 Chain Mail Armor
28:39 Horse Collar
29:26 Bodkin Arrow
31:47 Iron Casting
33:29 Gambesons
41:30 Imperial Age
39:49 Arson
TandemTooth
5:06 Loom
10:58 Feudal Age
13:13 Double-Bit Axe
15:34 Fletching
24:37 Castle Age
23:08 Padded Archer Armor
26:13 Bodkin Arrow
Hugh Jayniss
4:56 Loom
12:42 Feudal Age
17:20 Castle Age
16:30 Double-Bit Axe
17:22 Town Watch
22:04 Fletching
27:24 Bodkin Arrow
32:37 Horse Collar
33:28 Padded Archer Armor
34:47 Wheelbarrow
Parle Genius
5:18 Loom
16:53 Feudal Age
21:48 Castle Age
20:45 Scale Barding Armor
22:18 Double-Bit Axe
25:14 Stone Mining
25:16 Gold Mining
26:25 Bow Saw
31:33 Wheelbarrow
37:19 Imperial Age
36:04 Gold Shaft Mining
37:31 Cavalier
38:12 Husbandry
38:34 Chain Barding Armor
38:25 Forging
38:16 Scale Mail Armor
37:38 Pikeman
38:19 Squires
39:09 Forging
39:00 Scale Mail Armor
40:41 Conscription
40:58 Plate Barding Armor
40:59 Iron Casting
41:12 Scale Mail Armor
40:34 Halberdier
41:00 Arson
41:07 Fletching
41:25 Scale Mail Armor
Shab
11:59 Feudal Age
12:27 Town Watch
12:29 Double-Bit Axe
14:50 Fishing Lines
15:11 Loom
19:35 Castle Age
18:36 Gold Mining
18:29 Horse Collar
19:53 Scale Barding Armor
19:59 Forging
21:07 Bow Saw
21:19 Chain Barding Armor
22:10 Iron Casting
21:43 Gillnets
22:09 Bloodlines
27:27 Wheelbarrow
27:00 Husbandry
29:46 Hand Cart
30:31 Iron Casting
31:30 Heavy Plow
31:23 Stone Mining
35:42 Imperial Age
34:29 Stone Shaft Mining
34:37 Fletching
35:45 Cavalier
37:08 Plate Barding Armor
35:59 Vendel Legacy
38:34 Two-Man Saw
38:49 Blast Furnace
39:22 Fletching
Connection lost

Rejoining the realm…

Still unreachable

The connection could not be restored.

Session expired

The server has moved on; the page needs a fresh start.